SAAA
TORTOLITA DRUMMERS @ PHOENIX HOTSPUR RESERVES
07/18/2020
 
TOP OF THE 1ST
Tortolita Drummers batting - Pitching for Phoenix Hotspur Reserves : LHP José Granados
Pitching: LHP José Granados
Batting: RHB Ron Humboldt 0-0: Ground out 5-3 (Groundball, 5S)
Batting: RHB Lonnie Conrad 0-0: Fly out, F3 (Popup, 34)
Batting: RHB Joey Morgan 0-0: Swinging Strike
0-1: Swinging Strike
0-2: Strikes out swinging
Top of the 1st over - 0 run(s), 0 hit(s), 0 error(s), 0 left on base; Tortolita 0 - Phoenix 0
BOTTOM OF THE 1ST
Phoenix Hotspur Reserves batting - Pitching for Tortolita Drummers : RHP Armando Hernández
Pitching: RHP Armando Hernández
Batting: SHB Roberto López 0-0: Ball
1-0: Fly out, F8 (Flyball, 8RM)
Batting: LHB Alberto Torres 0-0: Ball
1-0: Ball
2-0: Called Strike
2-1: Foul Ball, location: 2F
2-2: Ball
3-2: SINGLE (Groundball, 5S) (infield hit)
Batting: RHB Paul Campbell 0-0: Foul Ball, location: 2F
0-1: Called Strike
0-2: Strikes out swinging
Batting: LHB Dave Wynn 0-0: Ball
1-0: Called Strike
1-1: Ground out 4-3 (Groundball, 34)
Bottom of the 1st over - 0 run(s), 1 hit(s), 0 error(s), 1 left on base; Tortolita 0 - Phoenix 0
TOP OF THE 2ND
Tortolita Drummers batting - Pitching for Phoenix Hotspur Reserves : LHP José Granados
Batting: SHB Yosuke Kiyomizu 0-0: Called Strike
0-1: Swinging Strike
0-2: Foul Ball, location: 2F
0-2: Strikes out swinging
Batting: LHB Keith Spear 0-0: Ball
1-0: Ground out 4-3 (Groundball, 4)
Batting: RHB Anastasio Cabanillas 0-0: Ball
1-0: Ground out 5-3 (Groundball, 56)
Top of the 2nd over - 0 run(s), 0 hit(s), 0 error(s), 0 left on base; Tortolita 0 - Phoenix 0
BOTTOM OF THE 2ND
Phoenix Hotspur Reserves batting - Pitching for Tortolita Drummers : RHP Armando Hernández
Batting: RHB Phil Terry 0-0: Ground out 4-3 (Groundball, 4M)
Batting: LHB Edgardo Téllez 0-0: Ball
1-0: Ground out 3-1 (Groundball, 34)
Batting: RHB Greg Griffin 0-0: Foul Ball, location: 2F
0-1: Foul Ball, location: 2F
0-2: DOUBLE (Flyball, 89D)
Batting: RHB Jaime Chavarriaga 0-0: Called Strike
0-1: Ball
1-1: Called Strike
1-2: SINGLE (Groundball, 4M)
Greg Griffin to third
Runner from 3rd tries for Home, SAFE, no throw or cutoff
Batting: SHB John Jenkins 0-0: Fly out, F7 (Line Drive, 7LM)
Bottom of the 2nd over - 1 run(s), 2 hit(s), 0 error(s), 1 left on base; Tortolita 0 - Phoenix 1
TOP OF THE 3RD
Tortolita Drummers batting - Pitching for Phoenix Hotspur Reserves : LHP José Granados
Batting: RHB Dan Lewis 0-0: Ball
1-0: Foul Ball, location: 2F
1-1: Ball
2-1: Ball
3-1: Base on Balls
Batting: RHB Jim Harris 0-0: Ball
1-0: Fly out, F9 (Flyball, 89M)
Batting: RHB Ray Whittier 0-0: SINGLE (Line Drive, 8RS)
Dan Lewis to second
Batting: RHB Ron Humboldt 0-0: Called Strike
0-1: Foul Ball, location: 2F
0-2: Grounds into double play, 5-4-3 (Groundball, 56)
Top of the 3rd over - 0 run(s), 1 hit(s), 0 error(s), 1 left on base; Tortolita 0 - Phoenix 1
BOTTOM OF THE 3RD
Phoenix Hotspur Reserves batting - Pitching for Tortolita Drummers : RHP Armando Hernández
Batting: SHB Roberto López 0-0: Foul Ball, location: 2F
0-1: Ball
1-1: Ball
2-1: DOUBLE (Groundball, 3L)
Batting: LHB Alberto Torres 0-0: Foul Ball, location: 2F
0-1: Foul Ball, location: 2F
0-2: Ball
1-2: Foul Ball, location: 2F
1-2: Ball
2-2: Ground out U3 (Groundball, 3)
Roberto López to third
Batting: RHB Paul Campbell 0-0: Foul Ball, location: 2F
0-1: Foul Ball, location: 2F
0-2: Foul Ball, location: 2F
0-2: Strikes out looking
Batting: LHB Dave Wynn 0-0: Fly out, F6 (Popup, 6D)
Bottom of the 3rd over - 0 run(s), 1 hit(s), 0 error(s), 1 left on base; Tortolita 0 - Phoenix 1
TOP OF THE 4TH
Tortolita Drummers batting - Pitching for Phoenix Hotspur Reserves : LHP José Granados
Batting: RHB Lonnie Conrad 0-0: Foul Ball, location: 2F
0-1: Ball
1-1: Ball
2-1: Called Strike
2-2: Strikes out looking
Batting: RHB Joey Morgan 0-0: Ball
1-0: Ball
2-0: Ball
3-0: Base on Balls
Batting: SHB Yosuke Kiyomizu 0-0: Called Strike
0-1: Ball
1-1: Ball
2-1: Foul Ball, location: 2F
2-2: Foul Ball, location: 2F
2-2: Ball
3-2: Base on Balls
Joey Morgan to second
Batting: LHB Keith Spear 0-0: Called Strike
0-1: Grounds into double play, U6-3 (Groundball, 6M)
Top of the 4th over - 0 run(s), 0 hit(s), 0 error(s), 1 left on base; Tortolita 0 - Phoenix 1
BOTTOM OF THE 4TH
Phoenix Hotspur Reserves batting - Pitching for Tortolita Drummers : RHP Armando Hernández
Batting: RHB Phil Terry 0-0: Swinging Strike
0-1: Foul Ball, location: 2F
0-2: Strikes out swinging
Batting: LHB Edgardo Téllez 0-0: Swinging Strike
0-1: Fly out, F7 (Flyball, 7LD)
Batting: RHB Greg Griffin 0-0: Called Strike
0-1: Ball
1-1: Called Strike
1-2: Foul Ball, location: 2F
1-2: Ball
2-2: Ball
3-2: Base on Balls
Batting: RHB Jaime Chavarriaga 0-0: Ball
1-0: Ball
2-0: Fly out, F7 (Line Drive, 78D)
Bottom of the 4th over - 0 run(s), 0 hit(s), 0 error(s), 1 left on base; Tortolita 0 - Phoenix 1
TOP OF THE 5TH
Tortolita Drummers batting - Pitching for Phoenix Hotspur Reserves : LHP José Granados
Batting: RHB Anastasio Cabanillas 0-0: Foul Ball, location: 2F
0-1: Ground out 1-3 (Groundball, 15S)
Batting: RHB Dan Lewis 0-0: Called Strike
0-1: Ball
1-1: Swinging Strike
1-2: Ball
2-2: Foul Ball, location: 2F
2-2: Ball
3-2: Foul Ball, location: 2F
3-2: SINGLE (Line Drive, 6D)
Batting: RHB Jim Harris 0-0: Called Strike
0-1: Called Strike
0-2: Ball
1-2: Strikes out swinging
Batting: RHB Ray Whittier 0-0: Ball
1-0: Foul Ball, location: 2F
1-1: Swinging Strike
1-2: Strikes out swinging
Top of the 5th over - 0 run(s), 1 hit(s), 0 error(s), 1 left on base; Tortolita 0 - Phoenix 1
BOTTOM OF THE 5TH
Phoenix Hotspur Reserves batting - Pitching for Tortolita Drummers : RHP Armando Hernández
Batting: SHB John Jenkins 0-0: Ground out U3 (Groundball, 3)
Batting: SHB Roberto López 0-0: Ball
1-0: Ball
2-0: Fly out, F8 (Flyball, 8LM)
Batting: LHB Alberto Torres 0-0: Ball
1-0: Ball
2-0: Called Strike
2-1: Ball
3-1: Base on Balls
Batting: RHB Paul Campbell 0-0: Ball
Pickoff Throw by Catcher to First - Out!
Bottom of the 5th over - 0 run(s), 0 hit(s), 0 error(s), 0 left on base; Tortolita 0 - Phoenix 1
TOP OF THE 6TH
Tortolita Drummers batting - Pitching for Phoenix Hotspur Reserves : LHP José Granados
Batting: RHB Ron Humboldt 0-0: Foul Ball, location: 2F
0-1: Ball
1-1: Called Strike
1-2: Ball
2-2: Ball
3-2: Base on Balls
Batting: RHB Lonnie Conrad 0-0: Ball
1-0: Ball
2-0: Bunt missed!
2-1: Bunted foul
2-2: SINGLE (Line Drive, 6D)
Ron Humboldt to second
Batting: RHB Joey Morgan 0-0: Ball
1-0: Grounds into double play, 6-4-3 (Groundball, 6)
Ron Humboldt to third
Batting: SHB Yosuke Kiyomizu 0-0: Ground out 5-3 (Groundball, 56)
Top of the 6th over - 0 run(s), 1 hit(s), 0 error(s), 1 left on base; Tortolita 0 - Phoenix 1
BOTTOM OF THE 6TH
Phoenix Hotspur Reserves batting - Pitching for Tortolita Drummers : RHP Armando Hernández
Batting: RHB Paul Campbell 0-0: Ball
1-0: Ball
2-0: Ball
3-0: Called Strike
3-1: Base on Balls
Batting: LHB Dave Wynn 0-0: Called Strike
0-1: SINGLE (Line Drive, 4D)
Paul Campbell to second
Batting: RHB Phil Terry 0-0: Called Strike
0-1: Ball
1-1: SINGLE (Groundball, 34D)
Paul Campbell to third
Dave Wynn to second
Batting: LHB Edgardo Téllez 0-0: Swinging Strike
0-1: Ball
1-1: Swinging Strike
1-2: Fielders Choice at 2nd, 4-6 (Groundball, 34)
Paul Campbell scores
Dave Wynn to third
Batting: RHB Greg Griffin 0-0: Called Strike
Edgardo Téllez steals 2nd base
0-1: SINGLE (Line Drive, 34D)
Dave Wynn scores
Edgardo Téllez to third
Batting: RHB Jaime Chavarriaga 0-0: Ball
1-0: Ball
Greg Griffin is caught stealing 2nd base
2-0: Foul Ball, location: 2F
2-1: Ball
3-1: Base on Balls
Batting: SHB John Jenkins 0-0: Called Strike
0-1: Ball
1-1: Ball
2-1: Fielders Choice at 2nd, U6 (Groundball, 6M)
Bottom of the 6th over - 2 run(s), 3 hit(s), 0 error(s), 2 left on base; Tortolita 0 - Phoenix 3
TOP OF THE 7TH
Tortolita Drummers batting - Pitching for Phoenix Hotspur Reserves : LHP José Granados
Batting: LHB Keith Spear 0-0: Called Strike
0-1: Ball
1-1: Fly out, F8 (Flyball, 8LD)
Batting: RHB Anastasio Cabanillas 0-0: Swinging Strike
0-1: Swinging Strike
0-2: Ball
1-2: Strikes out swinging
Batting: RHB Dan Lewis 0-0: Ball
1-0: Foul Ball, location: 2F
1-1: Ball
2-1: Swinging Strike
2-2: Strikes out swinging
Top of the 7th over - 0 run(s), 0 hit(s), 0 error(s), 0 left on base; Tortolita 0 - Phoenix 3
BOTTOM OF THE 7TH
Phoenix Hotspur Reserves batting - Pitching for Tortolita Drummers : RHP Armando Hernández
Batting: SHB Roberto López 0-0: Swinging Strike
0-1: Ball
1-1: Ball
2-1: Fly out, F8 (Flyball, 8RS)
Batting: LHB Alberto Torres 0-0: Ball
1-0: Called Strike
1-1: Ball
2-1: Fly out, F8 (Flyball, 8RXD)
Batting: RHB Paul Campbell 0-0: Called Strike
0-1: Ball
1-1: Ball
2-1: SINGLE (Groundball, 13) (infield hit)
Batting: LHB Dave Wynn 0-0: Ball
1-0: Called Strike
1-1: Called Strike
1-2: Ball
2-2: Strikes out swinging
Bottom of the 7th over - 0 run(s), 1 hit(s), 0 error(s), 1 left on base; Tortolita 0 - Phoenix 3
TOP OF THE 8TH
Tortolita Drummers batting - Pitching for Phoenix Hotspur Reserves : LHP José Granados
Batting: RHB Jim Harris 0-0: Foul Ball, location: 2F
0-1: Called Strike
0-2: Ball
1-2: Foul Ball, location: 2F
1-2: Ball
2-2: TRIPLE (Flyball, 8RXD)
Batting: RHB Ray Whittier 0-0: Called Strike
0-1: Ball
1-1: Foul Ball, location: 2F
1-2: Ground out 5-3 (Groundball, 5L)
Batting: RHB Ron Humboldt 0-0: Ball
1-0: Ball
2-0: Called Strike
2-1: Ground out 6-3 (Groundball, 6M)
Jim Harris scores
Batting: RHB Lonnie Conrad 0-0: Ball
1-0: Called Strike
1-1: Ground out 5-3 (Groundball, 15S)
Top of the 8th over - 1 run(s), 1 hit(s), 0 error(s), 0 left on base; Tortolita 1 - Phoenix 3
BOTTOM OF THE 8TH
Phoenix Hotspur Reserves batting - Pitching for Tortolita Drummers : RHP Armando Hernández
Batting: RHB Phil Terry 0-0: Ball
1-0: Ground out 6-3 (Groundball, 6M)
Batting: LHB Edgardo Téllez 0-0: Fly out, F1 (Line Drive, 13)
Batting: RHB Greg Griffin 0-0: Swinging Strike
0-1: Ground out 6-3 (Groundball, 56)
Bottom of the 8th over - 0 run(s), 0 hit(s), 0 error(s), 0 left on base; Tortolita 1 - Phoenix 3
TOP OF THE 9TH
Tortolita Drummers batting - Pitching for Phoenix Hotspur Reserves : LHP José Granados
Batting: RHB Joey Morgan 0-0: Ball
1-0: Ball
2-0: Swinging Strike
2-1: Ball
3-1: Called Strike
3-2: Strikes out looking
Batting: SHB Yosuke Kiyomizu 0-0: Swinging Strike
0-1: Ball
1-1: Ball
2-1: SINGLE (Line Drive, 56)
Pitching: RHP Rewa Malaki
Batting: LHB Keith Spear 0-0: Called Strike
0-1: Foul Ball, location: 2F
0-2: Ball
1-2: Foul Ball, location: 2F
1-2: Foul Ball, location: 2F
1-2: Strikes out swinging
Pinch Hitting: LHB Pat McJannett 0-0: Called Strike
0-1: Ball
1-1: Foul Ball, location: 2F
1-2: Ball
2-2: Fly out, F8 (Flyball, 8LM)
Top of the 9th over - 0 run(s), 1 hit(s), 0 error(s), 1 left on base; Tortolita 1 - Phoenix 3
This league is powered by Out of the Park Baseball, the baseball management simulation game for PC, Mac and Linux
Friday, October 23rd, 2015 - OOTP Baseball 16.9 Build 39